BSA
GREENVILLE 84S @ POCATELLO BOCCABELLAS
03/22/2027
 
TOP OF THE 1ST
Greenville 84s batting - Pitching for Pocatello Boccabellas : RHP Martín Ramírez
Pitching: RHP Martín Ramírez
Batting: RHB Carlos Torres 0-0: Foul Ball, location: 2F
0-1: SINGLE (Line Drive, 6D)
Batting: LHB Chris Moore 0-0: Ball
1-0: Called Strike
1-1: Ball
2-1: Ball
3-1: Called Strike
3-2: Foul Ball, location: 2F
3-2: Base on Balls
Carlos Torres to second
Batting: RHB Enzo Díaz 0-0: Ball
1-0: Ball
2-0: Called Strike
2-1: Ball
3-1: SINGLE (Groundball, 4MD)
Carlos Torres to third
Chris Moore to second
Runner from 3rd tries for Home, throw and OUT!
Chris Moore to third
Enzo Díaz to second
Batting: LHB Brock Larsen 0-0: Swinging Strike
0-1: Ball
1-1: Ball
2-1: Ground out 6-3 (Groundball, 6S)
Chris Moore scores
Enzo Díaz to third
Batting: LHB Paco Rosas 0-0: Ball
1-0: Ball
2-0: Ball
3-0: Called Strike
3-1: Called Strike
3-2: Foul Ball, location: 2F
3-2: DOUBLE (Flyball, 7LM)
Enzo Díaz scores
Batting: LHB Jimmy Vickers 0-0: Ball
1-0: Called Strike
1-1: Swinging Strike
1-2: Ball
2-2: Fly out, F8 (Flyball, 8RM)
Top of the 1st over - 2 run(s), 3 hit(s), 0 error(s), 1 left on base; Greenville 2 - Pocatello 0
BOTTOM OF THE 1ST
Pocatello Boccabellas batting - Pitching for Greenville 84s : LHP Eduardo Trujillo
Pitching: LHP Eduardo Trujillo
Batting: RHB Tomás Carranza 0-0: Called Strike
0-1: Foul Ball, location: 2F
0-2: Ball
1-2: Ball
2-2: Fly out, F4 (Line Drive, 4M)
Batting: RHB José Delgado 0-0: Ball
1-0: Called Strike
1-1: Swinging Strike
1-2: Ground out 5-3 (Groundball, 56S)
Batting: RHB Marlon Phipps 0-0: Fly out, F9 (Flyball, 9)
Bottom of the 1st over - 0 run(s), 0 hit(s), 0 error(s), 0 left on base; Greenville 2 - Pocatello 0
TOP OF THE 2ND
Greenville 84s batting - Pitching for Pocatello Boccabellas : RHP Martín Ramírez
Batting: LHB José Costa 0-0: Ball
1-0: Called Strike
1-1: Ball
2-1: Fly out, F8 (Flyball, 8LM)
Batting: LHB Robert Moore 0-0: Called Strike
0-1: Foul Ball, location: 2F
0-2: Fly out, F7 (Flyball, 7LMF)
Batting: LHB Mario Cornelo 0-0: Called Strike
0-1: Ground out 3-1 (Groundball, 34)
Top of the 2nd over - 0 run(s), 0 hit(s), 0 error(s), 0 left on base; Greenville 2 - Pocatello 0
BOTTOM OF THE 2ND
Pocatello Boccabellas batting - Pitching for Greenville 84s : LHP Eduardo Trujillo
Batting: LHB Juan Cortés 0-0: Ground out 5-3 (Groundball, 56)
Batting: RHB Francisco Sandoval 0-0: Fly out, F4 (Line Drive, 34)
Batting: LHB Vicente Bueno 0-0: Ball
1-0: DOUBLE (Line Drive, 9LM)
Batting: RHB Pedro Guzmán 0-0: SINGLE (Line Drive, 78S)
Vicente Bueno to third
Runner from 3rd tries for Home, SAFE, no throw
Batting: LHB Jim Jensen 0-0: Ball
1-0: Fly out, F7 (Flyball, 7S)
Bottom of the 2nd over - 1 run(s), 2 hit(s), 0 error(s), 1 left on base; Greenville 2 - Pocatello 1
TOP OF THE 3RD
Greenville 84s batting - Pitching for Pocatello Boccabellas : RHP Martín Ramírez
Batting: RHB Carlos Torres 0-0: Foul Ball, location: 2F
0-1: Ball
1-1: Foul Ball, location: 2F
1-2: Ball
2-2: Foul Ball, location: 2F
2-2: Foul Ball, location: 2F
2-2: SINGLE (Groundball, 56D)
Batting: LHB Chris Moore 0-0: Called Strike
0-1: Ball
1-1: Swinging Strike
1-2: Ball
2-2: Grounds into double play, 4-6-3 (Groundball, 4)
Batting: RHB Enzo Díaz 0-0: Called Strike
0-1: Fly out, F5 (Line Drive, 56)
Top of the 3rd over - 0 run(s), 1 hit(s), 0 error(s), 0 left on base; Greenville 2 - Pocatello 1
BOTTOM OF THE 3RD
Pocatello Boccabellas batting - Pitching for Greenville 84s : LHP Eduardo Trujillo
Batting: SHB Guillermo Ortíz 0-0: Ground out 1-3 (Groundball, 13S)
Batting: RHB Tomás Carranza 0-0: TRIPLE (Flyball, 8RXD)
Batting: RHB José Delgado 0-0: Called Strike
0-1: Ball
1-1: Swinging Strike
1-2: Ball
2-2: Fly out, F8 (Flyball, 8LM)
Runner from 3rd tags up, SCORES, no throw
Batting: RHB Marlon Phipps 0-0: Called Strike
0-1: Called Strike
0-2: Foul Ball, location: 2F
0-2: Foul Ball, location: 2F
0-2: Ball
1-2: SOLO HOME RUN (Flyball, 8LXD), Distance : 436 ft
Batting: LHB Juan Cortés 0-0: Fly out, F7 (Flyball, 7LSF)
Bottom of the 3rd over - 2 run(s), 2 hit(s), 0 error(s), 0 left on base; Greenville 2 - Pocatello 3
TOP OF THE 4TH
Greenville 84s batting - Pitching for Pocatello Boccabellas : RHP Martín Ramírez
Batting: LHB Brock Larsen 0-0: Ball
1-0: Called Strike
1-1: Ball
2-1: Foul Ball, location: 2F
2-2: Foul Ball, location: 2F
2-2: Ball
3-2: Strikes out looking
Batting: LHB Paco Rosas 0-0: Ball
1-0: Ball
2-0: SINGLE (Line Drive, 4M)
Batting: LHB Jimmy Vickers 0-0: Called Strike
0-1: Ball
1-1: Ball
2-1: Ball
3-1: Fly out, F7 (Flyball, 7LS)
Batting: LHB José Costa 0-0: Ball
1-0: Foul Ball, location: 2F
1-1: Ball
2-1: Foul Ball, location: 2F
2-2: Ball
3-2: Base on Balls
Paco Rosas to second
Batting: LHB Robert Moore 0-0: Ball
1-0: Ground out 4-3 (Groundball, 4MS)
Top of the 4th over - 0 run(s), 1 hit(s), 0 error(s), 2 left on base; Greenville 2 - Pocatello 3
BOTTOM OF THE 4TH
Pocatello Boccabellas batting - Pitching for Greenville 84s : LHP Eduardo Trujillo
Batting: RHB Francisco Sandoval 0-0: Ball
1-0: Ball
2-0: Fly out, F8 (Flyball, 89D)
Batting: LHB Vicente Bueno 0-0: Ball
1-0: SOLO HOME RUN (Line Drive, 89XD), Distance : 415 ft
Batting: RHB Pedro Guzmán 0-0: Foul Ball, location: 2F
0-1: Foul Ball, location: 2F
0-2: Ball
1-2: Ball
2-2: Strikes out looking
Batting: LHB Jim Jensen 0-0: Called Strike
0-1: SINGLE (Line Drive, 8LS)
Batting: SHB Guillermo Ortíz 0-0: Ball
1-0: Foul Ball, location: 2F
1-1: Ball
2-1: Foul Ball, location: 2F
2-2: Strikes out looking
Bottom of the 4th over - 1 run(s), 2 hit(s), 0 error(s), 1 left on base; Greenville 2 - Pocatello 4
TOP OF THE 5TH
Greenville 84s batting - Pitching for Pocatello Boccabellas : RHP Martín Ramírez
Pitching: RHP Adrián Martínez
Batting: LHB Mario Cornelo 0-0: Called Strike
0-1: Ball
1-1: Foul Ball, location: 2F
1-2: Foul Ball, location: 2F
1-2: Ball
2-2: Ball
3-2: Ground out 1-3 (Groundball, P)
Batting: RHB Carlos Torres 0-0: Ball
1-0: Foul Ball, location: 2F
1-1: Swinging Strike
1-2: Ball
2-2: Ball
3-2: Foul Ball, location: 2F
3-2: Base on Balls
Batting: LHB Chris Moore 0-0: Ball
1-0: Ball
2-0: Foul Ball, location: 2F
2-1: Foul Ball, location: 2F
2-2: Ball
3-2: Fly out, F3 (Popup, 3)
Batting: RHB Enzo Díaz 0-0: Foul Ball, location: 2F
0-1: Called Strike
0-2: Foul Ball, location: 2F
0-2: Strikes out swinging
Top of the 5th over - 0 run(s), 0 hit(s), 0 error(s), 1 left on base; Greenville 2 - Pocatello 4
BOTTOM OF THE 5TH
Pocatello Boccabellas batting - Pitching for Greenville 84s : LHP Eduardo Trujillo
Pitching: RHP Curt Howard
Batting: RHB Tomás Carranza 0-0: Fly out, F4 (Popup, 34)
Batting: RHB José Delgado 0-0: Ball
1-0: Called Strike
1-1: Ball
2-1: Ball
3-1: Base on Balls
Batting: RHB Marlon Phipps 0-0: Ball
1-0: Foul Ball, location: 2F
1-1: Ball
2-1: Foul Ball, location: 2F
2-2: Fly out, F7 (Flyball, 7)
Batting: LHB Juan Cortés 0-0: Ball
1-0: Ball
2-0: Ball
3-0: Base on Balls
José Delgado to second
Batting: RHB Francisco Sandoval 0-0: Ball
1-0: Fielders Choice at 2nd, 5-4 (Groundball, 56)
Bottom of the 5th over - 0 run(s), 0 hit(s), 0 error(s), 1 left on base; Greenville 2 - Pocatello 4
TOP OF THE 6TH
Greenville 84s batting - Pitching for Pocatello Boccabellas : RHP Adrián Martínez
Batting: LHB Brock Larsen 0-0: Foul Ball, location: 2F
0-1: Foul Ball, location: 2F
0-2: Ball
1-2: Strikes out swinging
Batting: LHB Paco Rosas 0-0: Swinging Strike
0-1: Foul Ball, location: 2F
0-2: DOUBLE (Flyball, 9LD)
Batting: LHB Jimmy Vickers 0-0: Ball
1-0: Swinging Strike
1-1: Called Strike
1-2: Ball
2-2: Foul Ball, location: 2F
2-2: Ball
3-2: SINGLE (Groundball, 56D)
Paco Rosas to third
Runner from 3rd tries for Home, SAFE, no throw
Batting: LHB José Costa 0-0: Called Strike
0-1: Swinging Strike
0-2: Strikes out swinging
Batting: LHB Robert Moore 0-0: Foul Ball, location: 2F
0-1: Ball
1-1: Foul Ball, location: 2F
1-2: Strikes out swinging
Top of the 6th over - 1 run(s), 2 hit(s), 0 error(s), 1 left on base; Greenville 3 - Pocatello 4
BOTTOM OF THE 6TH
Pocatello Boccabellas batting - Pitching for Greenville 84s : RHP Curt Howard
Batting: LHB Vicente Bueno 0-0: Called Strike
0-1: Ball
1-1: Ball
2-1: Ground out 1-3 (Groundball, 13S)
Batting: RHB Pedro Guzmán 0-0: Ball
1-0: Ground out 5-3 (Groundball, 56)
Batting: LHB Jim Jensen 0-0: Ground out 3-1 (Groundball, 34S)
Bottom of the 6th over - 0 run(s), 0 hit(s), 0 error(s), 0 left on base; Greenville 3 - Pocatello 4
TOP OF THE 7TH
Greenville 84s batting - Pitching for Pocatello Boccabellas : RHP Adrián Martínez
Pitching: RHP Nathan Walters
Batting: LHB Mario Cornelo 0-0: Called Strike
0-1: Foul Ball, location: 2F
0-2: Foul Ball, location: 2F
0-2: Ball
1-2: Ball
2-2: Ball
3-2: Base on Balls
Batting: RHB Carlos Torres 0-0: Ball
Mario Cornelo is caught stealing 2nd base
1-0: Ball
2-0: Foul Ball, location: 2F
2-1: DOUBLE (Line Drive, 89XD)
Pitching: LHP Mark Murchison
Batting: LHB Chris Moore 0-0: Called Strike
0-1: Foul Ball, location: 2F
0-2: Ball
1-2: SINGLE (Line Drive, 6D)
Carlos Torres to third
Runner from 3rd tries for Home, SAFE, no throw
Batting: RHB Enzo Díaz 0-0: Ball
1-0: Ball
2-0: Called Strike
2-1: Fly out, F8 (Flyball, 89S)
Pinch Hitting: RHB Jesús Tisnado 0-0: Ground out 5-3 (Groundball, 56S)
Top of the 7th over - 1 run(s), 2 hit(s), 0 error(s), 1 left on base; Greenville 4 - Pocatello 4
BOTTOM OF THE 7TH
Pocatello Boccabellas batting - Pitching for Greenville 84s : RHP Curt Howard
Now at SS: Carlos López
Batting: SHB Guillermo Ortíz 0-0: Hit by Pitch
Pinch Hitting: RHB Jeremy Carr 0-0: Ball
1-0: Sac Bunt - play at first, batter OUT! 5-4
Guillermo Ortíz to second
Pinch Hitting: LHB José Berroa 0-0: Ball
1-0: Foul Ball, location: 2F
1-1: Ball
2-1: Foul Ball, location: 2F
2-2: Fly out, F3 (Popup, 3D)
Batting: RHB Jackson Gibson 0-0: Foul Ball, location: 2F
0-1: Ball
1-1: Foul Ball, location: 2F
1-2: Strikes out swinging
Bottom of the 7th over - 0 run(s), 0 hit(s), 0 error(s), 1 left on base; Greenville 4 - Pocatello 4
TOP OF THE 8TH
Greenville 84s batting - Pitching for Pocatello Boccabellas : LHP Mark Murchison
Now at 2B: Júlio Romano
Now in CF: Jeremy Carr
Batting: LHB Paco Rosas 0-0: Fly out, F9 (Flyball, 89D)
Batting: LHB Jimmy Vickers 0-0: Ball
1-0: Swinging Strike
1-1: Foul Ball, location: 2F
1-2: Strikes out swinging
Pinch Hitting: RHB Vic Langlois 0-0: Called Strike
0-1: Ground out 1-3 (Groundball, 13)
Top of the 8th over - 0 run(s), 0 hit(s), 0 error(s), 0 left on base; Greenville 4 - Pocatello 4
BOTTOM OF THE 8TH
Pocatello Boccabellas batting - Pitching for Greenville 84s : RHP Curt Howard
Pitching: LHP Manuel Herrera
Now in LF: Felipe Rego
Pinch Hitting: RHB Chris Parker 0-0: Ball
1-0: Called Strike
1-1: Foul Ball, location: 2F
1-2: Foul Ball, location: 2F
1-2: Ball
2-2: Foul Ball, location: 2F
2-2: Ground out 1-3 (Groundball, 13S)
Pinch Hitting: RHB Luis González 0-0: Called Strike
0-1: Ball
1-1: Swinging Strike
1-2: Ball
2-2: Ball
3-2: Foul Ball, location: 2F
3-2: Strikes out swinging
Pitching: LHP Dwight Livingston
Pinch Hitting: SHB Nick Cox 0-0: Ball
1-0: Called Strike
1-1: Called Strike
1-2: Ball
2-2: SINGLE (Flyball, 56D)
Pinch Hitting: RHB Kelly Graham 0-0: Called Strike
0-1: Ball
1-1: Ball
2-1: Called Strike
2-2: Fly out, F4 (Popup, 34)
Bottom of the 8th over - 0 run(s), 1 hit(s), 0 error(s), 1 left on base; Greenville 4 - Pocatello 4
TOP OF THE 9TH
Greenville 84s batting - Pitching for Pocatello Boccabellas : LHP Mark Murchison
Pitching: LHP Martin Lowry
Now at 1B: Chris Parker
Now at 2B: Kelly Graham
Now in RF: Will Hill
Batting: RHB Felipe Rodríguez 0-0: Called Strike
Now at 2B: Cipriano Baca 0-1: Ball
1-1: Ball
2-1: Ground out 6-3 (Groundball, 6)
Pinch Hitting: RHB Cristo García 0-0: Ball
1-0: Ball
2-0: Called Strike
2-1: Ball
3-1: Foul Ball, location: 2F
3-2: SINGLE (Flyball, 8LS)
Batting: RHB Carlos Torres 0-0: Ball
1-0: Ball
2-0: Foul Ball, location: 2F
2-1: Ball
3-1: SINGLE (Groundball, 4D)
Cristo García to second
Runner from 2nd tries for 3rd, SAFE, throw made to third
Pinch Hitting: RHB Jorge Cisneros 0-0: Called Strike
0-1: Foul Ball, location: 2F
0-2: Fly out, F7 (Flyball, 7LSF)
Runner from 3rd tags up, SCORES, no throw
Batting: RHB Enzo Díaz 0-0: Ball
1-0: Ball
Carlos Torres steals 2nd base
2-0: Ball
3-0: Called Strike
3-1: Base on Balls
Pinch Hitting: LHB George Wood 0-0: Ball
1-0: Ball
2-0: Ball
3-0: Foul Ball, location: 2F
3-1: Fielders Choice at 2nd, 4-6 (Groundball, 4)
Top of the 9th over - 1 run(s), 2 hit(s), 0 error(s), 1 left on base; Greenville 5 - Pocatello 4
BOTTOM OF THE 9TH
Pocatello Boccabellas batting - Pitching for Greenville 84s : LHP Dwight Livingston
Pitching: LHP Francisco Ríos
Now at C: Casey Fox
Now at 2B: Jorge Cisneros
Now at 3B: Cristo García
Now in CF: Martin Davis
Pinch Hitting: RHB Rob Schmidt 0-0: Foul Ball, location: 2F
0-1: Ground out 1-3 (Groundball, 13)
Batting: SHB Guillermo Ortíz 0-0: Ground out 5-3 (Groundball, 56)
Batting: RHB Jeremy Carr 0-0: Ball
1-0: Called Strike
1-1: Foul Ball, location: 2F
1-2: Ball
2-2: Ball
3-2: Strikes out looking
Bottom of the 9th over - 0 run(s), 0 hit(s), 0 error(s), 0 left on base; Greenville 5 - Pocatello 4
Thursday, March 30th, 2017 - OOTP Baseball 17.12 Build 75